Map: Cactus Valley LE (Void)

Players

Julles - Winner!

  • Race: Terran Terran
  • League: Diamond
  • Spawn Location: 7:00

Arcon

  • Race: Terran Terran
  • League: Diamond
  • Spawn Location: 5:00

VOD

Have the link to the VOD?

Description

Time

  • Played on: Jan. 25, 2017, 1:53 p.m.
  • Length: 10:12
Show
View Real Time Build Order
Export as new Build Order

Julles Terran - Winner!

Build Orders: MMM Bio 

Get SALT Encoding   

  12  0:02  SCV  
  13  0:14  SCV  
  13  0:20  Supply Depot  
  14  0:26  SCV  
  15  0:41  SCV  
  16  0:44  Barracks  
  16  0:48  Refinery  
  16  0:53  SCV  
  17  1:05  SCV  
  18  1:17  SCV  
  19  1:30  Orbital Command  
  19  1:32  Barracks Reactor  
  19  1:46  Command Center  
  19  1:54  Barracks  
  19  1:58  SCV  
  20  2:07  Supply Depot  
  20  2:09  Marine  
  20  2:12  Marine  
  22  2:16  SCV  
  23  2:28  Marine, SCV  
  25  2:30  Marine  
  25  2:33  Engineering Bay  
  25  2:44  SCV  
  25  2:45  Barracks Tech Lab  
  25  2:49  Marine x2  
  28  2:56  SCV  
  29  3:02  Combat Shields  
  29  3:04  Terran Infantry Weapons Level 1  
  29  3:07  Marine x2  
  31  3:14  Marine, SCV  
  33  3:21  Orbital Command  
  33  3:24  Marine x2  
  33  3:26  SCV  
  36  3:32  Marine  
  37  3:37  Supply Depot  
  37  3:39  SCV  
  38  3:42  Marine x2  
  39  3:50  Marine  
  39  3:51  SCV  
  39  3:52  SCV  
  42  4:00  Marine x2  
  44  4:03  SCV  
  44  4:04  SCV, Supply Depot  
  44  4:08  Marine  
  47  4:15  SCV  
  47  4:16  SCV  
  49  4:17  Missile Turret  
  49  4:18  Marine x2  
  49  4:22  Stimpack  
  51  4:25  Marine  
  51  4:27  SCV  
  51  4:28  SCV  
  54  4:36  Marine  
  55  4:38  Marine  
  55  4:39  SCV  
  55  4:41  SCV  
  55  4:43  Marine  
  59  4:49  Supply Depot  
  59  4:51  SCV  
  60  4:53  SCV, Command Center  
  53  5:04  Marine  
  53  5:05  Marine x2  
  48  5:11  Barracks  
  48  5:12  Barracks  
  47  5:22  Marine, Factory  
  47  5:23  Marine x2  
  47  5:25  Terran Infantry Armor Level 1  
  47  5:26  Refinery  
  50  5:31  SCV x2  
  50  5:34  Refinery  
  50  5:35  Refinery  
  52  5:37  Supply Depot  
  52  5:40  Marine  
  52  5:41  Marine x2  
  55  5:43  SCV x2  
  55  5:47  Engineering Bay  
  57  5:54  Supply Depot  
  57  5:55  SCV x2  
  59  5:58  Marine  
  59  5:59  Marine  
  59  6:01  Supply Depot  
  61  6:04  Barracks Reactor x2  
  61  6:09  Factory Reactor  
  61  6:10  Marine, SCV  
  61  6:11  SCV, Starport  
  63  6:15  Orbital Command  
  63  6:22  Marine x2  
  62  6:28  Marine  
  61  6:40  Marine x2  
  61  6:44  Armory  
  61  6:46  Marine  
  64  6:53  Marine x4  
  68  6:56  SCV  
  68  6:57  Marine  
  68  6:58  Marine, SCV  
  72  7:02  Missile Turret  
  72  7:04  Marine  
  71  7:09  Factory Tech Lab  
  71  7:10  Marine  
  71  7:11  Marine, SCV  
  71  7:15  SCV x2  
  75  7:18  Bunker  
  75  7:23  SCV  
  73  7:39  Marine x7  
  73  7:40  Siege Tank  
  83  7:45  SCV  
  83  7:51  Terran Vehicle Weapons Level 1  
  81  7:52  Missile Turret  
  81  7:53  Missile Turret  
  81  7:56  SCV x2, Starport, Missile Turret  
  81  7:57  Marine x3, SCV  
  87  8:08  SCV x2  
  87  8:09  SCV, Sensor Tower, Supply Depot  
  87  8:11  Supply Depot  
  90  8:13  Missile Turret  
  90  8:20  SCV x2  
  90  8:21  SCV  
  93  8:35  Marine x2  
  93  8:37  SCV x2  
  93  8:40  Medivac x2  
  101  8:41  Starport Reactor  
  101  8:42  Siege Tank  
  101  8:48  SCV  
  104  8:54  Marine x6  
  110  9:02  Marine  
  112  9:10  SCV  
  112  9:12  Marine x3  
  112  9:15  Medivac  
  112  9:16  Medivac  
  119  9:20  Command Center  
  119  9:23  Marine x3  
  119  9:24  Marine, Siege Tank  
  125  9:41  Marine x4, Supply Depot, Medivac x2  
  125  9:42  Supply Depot  
Show
View Real Time Build Order
Export as new Build Order

Arcon Terran 

Build Orders: Reaper Expand 

Get SALT Encoding   

  12  0:02  SCV  
  13  0:14  SCV  
  13  0:19  Supply Depot  
  14  0:26  SCV  
  15  0:28  Refinery  
  15  0:40  SCV  
  16  0:46  Barracks  
  16  0:53  SCV  
  17  1:05  SCV  
  18  1:17  SCV  
  19  1:35  Reaper, Orbital Command  
  20  1:47  Command Center  
  20  1:57  Factory  
  20  2:01  SCV  
  21  2:13  SCV  
  21  2:14  Supply Depot  
  22  2:16  Barracks Reactor  
  22  2:25  SCV  
  23  2:37  SCV  
  23  2:49  Refinery, SCV  
  24  2:51  Starport  
  24  2:53  Marine x2  
  24  2:56  Hellion  
  28  2:59  Orbital Command  
  28  3:02  SCV  
  29  3:12  Marine  
  29  3:13  Marine  
  29  3:14  SCV  
  29  3:19  Cyclone  
  35  3:24  SCV  
  35  3:26  SCV  
  37  3:31  Marine x2  
  37  3:33  Viking  
  41  3:36  SCV  
  41  3:38  SCV  
  43  3:49  Barracks  
  43  4:02  Marine x2  
  45  4:10  Supply Depot x3  
  45  4:14  Starport Reactor  
  45  4:18  SCV  
  45  4:19  Cyclone, SCV  
  45  4:21  Marine x2  
  52  4:25  Supply Depot  
  52  4:30  SCV  
  52  4:31  SCV  
  54  4:40  Barracks Tech Lab  
  54  4:42  SCV  
  54  4:43  SCV  
  56  4:48  Marine x2  
  56  4:51  Factory Tech Lab  
  56  4:52  Medivac x2  
  62  4:54  SCV  
  62  4:55  SCV  
  56  5:06  Marine  
  50  5:08  SCV x2  
  50  5:10  Marine, Stimpack  
  50  5:11  Marine  
  54  5:14  Refinery  
  54  5:16  Refinery  
  54  5:23  Marine  
  55  5:31  Marine x2  
  55  5:32  Siege Tank  
  55  5:33  SCV x2  
  62  5:35  Engineering Bay  
  62  5:39  Barracks  
  62  5:43  Barracks  
  62  5:55  Marine x3  
  65  5:58  Medivac  
  65  5:59  Medivac  
  65  6:00  SCV  
  65  6:03  SCV  
  71  6:07  Terran Infantry Weapons Level 1  
  71  6:13  Marine  
  72  6:24  Marine x2  
  74  6:31  Marine  
  73  6:39  Medivac, Barracks Reactor x2  
  75  6:41  Marine  
  75  6:42  Marine  
  75  6:46  Command Center  
  77  6:49  Marine  
  78  6:58  Supply Depot  
  78  6:59  Marine x2, Supply Depot x2  
  80  7:06  Marine  
  73  7:17  Marine x2  
  73  7:24  Marine  
  73  7:27  Marine x4  
  73  7:28  Siege Tank  
  79  7:35  Marine x2  
  71  7:49  Marine x5  
  73  7:55  Barracks  
  73  7:56  Barracks  
  73  7:57  Marine x2, Barracks  
  73  7:58  Supply Depot  
  75  8:00  Orbital Command  
  75  8:06  Marine  
  76  8:14  Marine x5  
  76  8:15  Marine  
  82  8:23  Supply Depot  
  72  8:37  SCV  
  72  8:38  SCV  
  72  8:39  Siege Tank  
  72  8:40  Medivac x2, Orbital Command  
  81  8:48  Supply Depot  
  81  8:49  SCV  
  81  8:50  SCV  
  83  9:02  SCV x2, Barracks Reactor x3  
  85  9:09  SCV  
  86  9:11  Siege Tank  
  86  9:14  SCV x2  
  91  9:21  SCV  
  91  9:22  Marine  
  91  9:23  Marine x4  
  97  9:40  Marine x6  
  97  9:41  Marine x4  
  114  9:51  Command Center  
Tags
 
Add a new tag
Caveats
  • Supply blocks, unpowered buildings, or Contaminate may cause inaccurate times.
  • Supply counts are checked every 10 seconds.